MID
CLINTON LUMBERKINGS @ QUAD CITIES RIVER BANDITS
07/12/2098
 
TOP OF THE 1ST
Clinton LumberKings batting - Pitching for Quad Cities River Bandits : RHP Dan Fagan
Pitching: RHP Dan Fagan
Batting: LHB Carlos Rivera 0-0: Ball
1-0: Called Strike
1-1: Foul Ball, location: 2F
1-2: Ball
2-2: SINGLE (Line Drive, 8LS, EV 91.9 MPH)
Batting: LHB Tommy Dwyer 0-0: Called Strike
0-1: Ball
1-1: Ball
2-1: Swinging Strike
2-2: Foul Ball, location: 2F
2-2: Strikes out swinging
Batting: RHB John Ramirez 0-0: Ball
1-0: Foul Ball, location: 7LDF
1-1: Ball
2-1: Ground out 6-3 (Groundball, 6S, EV 75.6 MPH)
Carlos Rivera to second
Batting: RHB Josh Barker 0-0: Ball
1-0: Ball
2-0: Ball
3-0: Called Strike
3-1: Ground out U3 (Groundball, 3L, EV 83.8 MPH)
Top of the 1st over - 0 runs, 1 hit, 0 errors, 1 left on base; Clinton 0 - Quad Cities 0
BOTTOM OF THE 1ST
Quad Cities River Bandits batting - Pitching for Clinton LumberKings : RHP Dave Zimmerman
Pitching: RHP Dave Zimmerman
Batting: RHB Danny Malave 0-0: Swinging Strike
0-1: Called Strike
0-2: Ball
1-2: Foul Ball, location: 3F
1-2: SINGLE (Groundball, 4MD, EV 97.5 MPH) (infield hit)
Batting: RHB Alex Romero 0-0: Ball
1-0: Ball
2-0: Grounds into double play, 5-4-3 (Groundball, 56, EV 79.4 MPH)
Batting: RHB Matt Widman 0-0: Ball
1-0: Ball
2-0: Called Strike
2-1: Foul Ball, location: 2RF
2-2: Ball
3-2: Base on Balls
Batting: RHB Travis Goodman 0-0: Ball
Matt Widman steals 2nd base
1-0: Fly out, F8 (Flyball, 8LD, EV 96.3 MPH)
Bottom of the 1st over - 0 runs, 1 hit, 0 errors, 1 left on base; Clinton 0 - Quad Cities 0
TOP OF THE 2ND
Clinton LumberKings batting - Pitching for Quad Cities River Bandits : RHP Dan Fagan
Batting: LHB Phil Campbell 0-0: Foul Ball, location: 2F
0-1: Foul Ball, location: 25FF
0-2: Ball
1-2: Foul Ball, location: 7LMF
1-2: Ball
2-2: SINGLE (Line Drive, 4M, EV 105.6 MPH)
Batting: LHB Nate Sheehy 0-0: Ball
1-0: Bunt - Flyout to 23! F3
Batting: RHB Craig Ballinger 0-0: Ball
1-0: Ball
2-0: Ball
3-0: Called Strike
3-1: Swinging Strike
3-2: Grounds into double play, 4-6-3 (Groundball, 4S, EV 79.4 MPH)
Top of the 2nd over - 0 runs, 1 hit, 0 errors, 0 left on base; Clinton 0 - Quad Cities 0
BOTTOM OF THE 2ND
Quad Cities River Bandits batting - Pitching for Clinton LumberKings : RHP Dave Zimmerman
Batting: RHB Chad Erickson 0-0: Called Strike
0-1: Ball
1-1: Fly out, F8 (Flyball, 8LXD, EV 107.5 MPH)
Batting: LHB Sam Latsch 0-0: Reached on error, E1 (Groundball, P, EV 68.8 MPH)
Batting: RHB Ted Chapin 0-0: Called Strike
0-1: Foul Ball, location: 7LDF
0-2: Ball
1-2: Ball
2-2: Strikes out looking
Batting: RHB Sean Cynar 0-0: Ball
1-0: Called Strike
1-1: Ball
2-1: Ball
3-1: Called Strike
3-2: SINGLE (Line Drive, 8LS, EV 103.1 MPH)
Sam Latsch to second
Sam Latsch to third
Batting: RHB Paolo Couvreur 0-0: Ball
1-0: DOUBLE (Line Drive, 78M, EV 98.8 MPH)
Sam Latsch scores
Sean Cynar to third
Runner from 3rd tries for Home, SAFE, no throw by LF
Batting: RHB Danny Malave 0-0: Swinging Strike
0-1: SINGLE (Groundball, 34D, EV 95.0 MPH)
Paolo Couvreur to third
Runner from 3rd tries for Home, SAFE, throw by RF to home
Batting: RHB Alex Romero 0-0: Ground out 4-3 (Groundball, 34, EV 93.8 MPH)
Bottom of the 2nd over - 3 runs, 3 hits, 1 error, 1 left on base; Clinton 0 - Quad Cities 3
TOP OF THE 3RD
Clinton LumberKings batting - Pitching for Quad Cities River Bandits : RHP Dan Fagan
Batting: RHB Nate Taylor 0-0: Called Strike
0-1: Ground out 5-3 (Groundball, 5S, EV 70.6 MPH)
Batting: SHB Braeden Wilson 0-0: Ball
1-0: Foul Ball, location: 25F
1-1: Swinging Strike
1-2: Ball
2-2: Ground out 6-3 (Groundball, 6, EV 85.6 MPH)
Batting: LHB Carlos Rivera 0-0: Called Strike
0-1: Foul Ball, location: 5F
0-2: Ball
1-2: Ball
2-2: Foul Ball, location: 7LSF
2-2: SINGLE (Groundball, 34D, EV 108.1 MPH)
Batting: LHB Tommy Dwyer 0-0: Ball
1-0: Ball
2-0: Ball
3-0: Called Strike
3-1: Swinging Strike
3-2: Ground out 4-3 (Groundball, 4, EV 86.3 MPH)
Top of the 3rd over - 0 runs, 1 hit, 0 errors, 1 left on base; Clinton 0 - Quad Cities 3
BOTTOM OF THE 3RD
Quad Cities River Bandits batting - Pitching for Clinton LumberKings : RHP Dave Zimmerman
Batting: RHB Matt Widman 0-0: Called Strike
0-1: Swinging Strike
0-2: Strikes out swinging, 2-3 out at first.
Batting: RHB Travis Goodman 0-0: Fly out, F4 (Popup, 4, EV 64.4 MPH)
Batting: RHB Chad Erickson 0-0: Fly out, F7 (Flyball, 7LM, EV 91.9 MPH)
Bottom of the 3rd over - 0 runs, 0 hits, 0 errors, 0 left on base; Clinton 0 - Quad Cities 3
TOP OF THE 4TH
Clinton LumberKings batting - Pitching for Quad Cities River Bandits : RHP Dan Fagan
Batting: RHB John Ramirez 0-0: Called Strike
0-1: Ball
1-1: Called Strike
1-2: Ball
2-2: Ball
3-2: Foul Ball, location: 2F
3-2: Foul Ball, location: 2F
3-2: Base on Balls
Batting: RHB Josh Barker 0-0: Ball
1-0: Fly out, F9 (Line Drive, 9, EV 93.1 MPH)
Batting: LHB Phil Campbell 0-0: Foul Ball, location: 7LDF
0-1: Ball
1-1: Foul Ball, location: 2F
1-2: Foul Ball, location: 5F
1-2: Strikes out swinging
Batting: LHB Nate Sheehy 0-0: Ball
1-0: Ball
2-0: Called Strike
2-1: Ball
3-1: Foul Ball, location: 5DF
3-2: SINGLE (Line Drive, 4MD, EV 101.9 MPH)
John Ramirez to second
John Ramirez to third
Batting: RHB Craig Ballinger 0-0: Ball
1-0: Swinging Strike
1-1: Ball
2-1: Ball
3-1: Foul Ball, location: 9LMF
3-2: Foul Ball, location: 7LDF
3-2: Base on Balls
Nate Sheehy to second
Batting: RHB Nate Taylor 0-0: Foul Ball, location: 2F
0-1: Called Strike
0-2: Ball
1-2: Strikes out swinging
Top of the 4th over - 0 runs, 1 hit, 0 errors, 3 left on base; Clinton 0 - Quad Cities 3
BOTTOM OF THE 4TH
Quad Cities River Bandits batting - Pitching for Clinton LumberKings : RHP Dave Zimmerman
Batting: LHB Sam Latsch 0-0: Ball
1-0: Ball
2-0: Ball
3-0: Base on Balls
Batting: RHB Ted Chapin 0-0: Ball
1-0: Foul Ball, location: 2F
1-1: Called Strike
1-2: Ball
2-2: Strikes out swinging
Batting: RHB Sean Cynar 0-0: Called Strike
0-1: Fly out, F8 (Flyball, 8RXD, EV 109.4 MPH)
Batting: RHB Paolo Couvreur 0-0: Ball
1-0: Called Strike
1-1: Fly out, F5 (Popup, 5SF, EV 82.5 MPH)
Bottom of the 4th over - 0 runs, 0 hits, 0 errors, 1 left on base; Clinton 0 - Quad Cities 3
TOP OF THE 5TH
Clinton LumberKings batting - Pitching for Quad Cities River Bandits : RHP Dan Fagan
Batting: SHB Braeden Wilson 0-0: Ball
1-0: Called Strike
1-1: Foul Ball, location: 3FF
1-2: Foul Ball, location: 2F
1-2: Strikes out looking
Batting: LHB Carlos Rivera 0-0: Ball
1-0: Swinging Strike
1-1: Ball
2-1: SINGLE (Groundball, 15, EV 66.3 MPH) (infield hit)
Batting: LHB Tommy Dwyer 0-0: Called Strike
0-1: Foul Ball, location: 2F
0-2: Ball
1-2: Fly out, F8 (Flyball, 78M, EV 92.5 MPH)
Batting: RHB John Ramirez 0-0: Foul Ball, location: 2F
0-1: Swinging Strike
0-2: Ground out 4-3 (Groundball, 4D, EV 106.9 MPH)
Top of the 5th over - 0 runs, 1 hit, 0 errors, 1 left on base; Clinton 0 - Quad Cities 3
BOTTOM OF THE 5TH
Quad Cities River Bandits batting - Pitching for Clinton LumberKings : RHP Dave Zimmerman
Batting: RHB Danny Malave 0-0: SINGLE (Groundball, 6, EV 90.0 MPH)
Batting: RHB Alex Romero 0-0: Fly out, F7 (Flyball, 78M, EV 98.1 MPH)
Batting: RHB Matt Widman 0-0: Ball
1-0: Foul Ball, location: 2F
1-1: Hit by Pitch
Danny Malave to second
Batting: RHB Travis Goodman 0-0: Ball
1-0: Fly out, F8 (Flyball, 89S, EV 91.3 MPH)
Batting: RHB Chad Erickson 0-0: Ball
1-0: Ball
2-0: Fly out, F7 (Flyball, 7, EV 78.1 MPH)
Bottom of the 5th over - 0 runs, 1 hit, 0 errors, 2 left on base; Clinton 0 - Quad Cities 3
TOP OF THE 6TH
Clinton LumberKings batting - Pitching for Quad Cities River Bandits : RHP Dan Fagan
Batting: RHB Josh Barker 0-0: Ball
1-0: Ball
2-0: Foul Ball, location: 2F
2-1: Foul Ball, location: 9LDF
2-2: Strikes out looking
Batting: LHB Phil Campbell 0-0: Ball
1-0: SINGLE (Groundball, 4MD, EV 101.3 MPH)
Batting: LHB Nate Sheehy 0-0: Fielders Choice at 2nd, 1-6 (Groundball, P, EV 66.9 MPH)
Batting: RHB Craig Ballinger 0-0: Ball
1-0: Swinging Strike
1-1: Swinging Strike
1-2: Fly out, F9 (Flyball, 9S, EV 85.0 MPH)
Top of the 6th over - 0 runs, 1 hit, 0 errors, 1 left on base; Clinton 0 - Quad Cities 3
BOTTOM OF THE 6TH
Quad Cities River Bandits batting - Pitching for Clinton LumberKings : RHP Dave Zimmerman
Pitching: LHP Hector Trejo
Batting: LHB Sam Latsch 0-0: Called Strike
0-1: Ball
1-1: SINGLE (Groundball, 6MD, EV 94.4 MPH)
Batting: RHB Ted Chapin 0-0: Swinging Strike
0-1: Ball
1-1: Called Strike
1-2: Fly out, F7 (Line Drive, 7S, EV 88.1 MPH)
Batting: RHB Sean Cynar 0-0: Ball
1-0: Ball
2-0: Foul Ball, location: 9LDF
2-1: Foul Ball, location: 5F
2-2: Strikes out swinging
Batting: RHB Paolo Couvreur 0-0: TRIPLE (Flyball, 89XD, EV 93.1 MPH)
Sam Latsch scores
Batting: RHB Danny Malave 0-0: Ball
1-0: Called Strike
1-1: Ball
2-1: Ball
3-1: Fly out, F9 (Flyball, 9D, EV 90.6 MPH)
Bottom of the 6th over - 1 run, 2 hits, 0 errors, 1 left on base; Clinton 0 - Quad Cities 4
TOP OF THE 7TH
Clinton LumberKings batting - Pitching for Quad Cities River Bandits : RHP Dan Fagan
Batting: RHB Nate Taylor 0-0: Ball
1-0: Foul Ball, location: 2F
1-1: Ball
2-1: Foul Ball, location: 2LF
2-2: Fly out, F7 (Flyball, 78S, EV 91.3 MPH)
Batting: SHB Braeden Wilson 0-0: Called Strike
0-1: Called Strike
0-2: Ball
1-2: Foul Ball, location: 2F
1-2: Fly out, F9 (Flyball, 89XD, EV 100.0 MPH)
Batting: LHB Carlos Rivera 0-0: Called Strike
0-1: Foul Ball, location: 2F
0-2: Ball
1-2: Foul Ball, location: 3F
1-2: Foul Ball, location: 2F
1-2: Ground out 4-3 (Groundball, 4M, EV 88.1 MPH)
Top of the 7th over - 0 runs, 0 hits, 0 errors, 0 left on base; Clinton 0 - Quad Cities 4
BOTTOM OF THE 7TH
Quad Cities River Bandits batting - Pitching for Clinton LumberKings : LHP Hector Trejo
Batting: RHB Alex Romero 0-0: Ball
1-0: Ball
2-0: Ball
3-0: Called Strike
3-1: Swinging Strike
3-2: Base on Balls
Batting: RHB Matt Widman 0-0: Swinging Strike
0-1: Called Strike
0-2: Ball
1-2: Ball
Wild Pitch!
Alex Romero to second
2-2: Ground out 5-3 (Groundball, 56, EV 80.0 MPH)
Batting: RHB Travis Goodman 0-0: Fly out, F4 (Popup, 13, EV 81.3 MPH)
Batting: RHB Chad Erickson 0-0: Called Strike
0-1: Ball
Balk!
Alex Romero to third
1-1: Called Strike
1-2: SINGLE (Groundball, 6MD, EV 98.1 MPH)
Alex Romero scores
Batting: LHB Sam Latsch 0-0: Ball
1-0: Called Strike
1-1: Ground out 4-3 (Groundball, 34, EV 91.9 MPH)
Bottom of the 7th over - 1 run, 1 hit, 0 errors, 1 left on base; Clinton 0 - Quad Cities 5
TOP OF THE 8TH
Clinton LumberKings batting - Pitching for Quad Cities River Bandits : RHP Dan Fagan
Batting: LHB Tommy Dwyer 0-0: Called Strike
0-1: Ball
1-1: Ball
2-1: Swinging Strike
2-2: Foul Ball, location: 25FF
2-2: Fly out, F6 (Popup, 6M, EV 56.3 MPH)
Batting: RHB John Ramirez 0-0: Ball
1-0: Ball
2-0: Ground out 4-3 (Groundball, 4, EV 93.8 MPH)
Batting: RHB Josh Barker 0-0: Ball
1-0: Ball
2-0: Foul Ball, location: 3FF
2-1: Swinging Strike
2-2: Strikes out swinging
Top of the 8th over - 0 runs, 0 hits, 0 errors, 0 left on base; Clinton 0 - Quad Cities 5
BOTTOM OF THE 8TH
Quad Cities River Bandits batting - Pitching for Clinton LumberKings : LHP Hector Trejo
Batting: RHB Ted Chapin 0-0: Foul Ball, location: 2F
0-1: Ball
1-1: Ball
2-1: Foul Ball, location: 2F
2-2: Ball
3-2: Foul Ball, location: 5FF
3-2: Ground out 4-3 (Groundball, 34, EV 99.4 MPH)
Pitching: RHP Conor Rintala
Batting: RHB Sean Cynar 0-0: Ground out 6-3 (Groundball, 6D, EV 86.3 MPH)
Batting: RHB Paolo Couvreur 0-0: Called Strike
0-1: Swinging Strike
0-2: Foul Ball, location: 5FF
0-2: Fly out, F8 (Flyball, 8RXD, EV 93.1 MPH)
Bottom of the 8th over - 0 runs, 0 hits, 0 errors, 0 left on base; Clinton 0 - Quad Cities 5
TOP OF THE 9TH
Clinton LumberKings batting - Pitching for Quad Cities River Bandits : RHP Dan Fagan
Batting: LHB Phil Campbell 0-0: Called Strike
0-1: Ground out U3 (Groundball, 3L, EV 85.0 MPH)
Batting: LHB Nate Sheehy 0-0: Ball
1-0: Foul Ball, location: 9LMF
1-1: DOUBLE (Line Drive, 78D, EV 101.9 MPH)
Pitching: RHP Isaiah Hollis
Batting: RHB Craig Ballinger 0-0: Ball
1-0: Called Strike
1-1: Ground out 1-3 (Groundball, 34S, EV 66.3 MPH)
Batting: RHB Nate Taylor 0-0: Ground out 6-3 (Groundball, 6, EV 100.0 MPH)
Top of the 9th over - 0 runs, 1 hit, 0 errors, 1 left on base; Clinton 0 - Quad Cities 5
Tuesday, April 9th , 2024 - OOTP Baseball 24.11 Build 85